 Dungeon Crawl Stone Soup version 0.22-a0-422-g9628fc8 (webtiles) character file.

224 galech the Thaumaturge (level 6, -1/47 HPs)
             Began as a Gnoll Wanderer on May 16, 2018.
             Slain by a goblin
             ... wielding a +0 club
              (3 damage)
             ... on level 3 of the Dungeon.
             The game lasted 00:03:42 (1709 turns).

galech the Thaumaturge (Gnoll Wanderer)             Turns: 1709, Time: 00:03:43

Health: -1/47      AC: 10    Str: 14    XL:     6   Next: 0%
Magic:  18/18      EV:  6    Int: 15    God:
Gold:   42         SH:  0    Dex: 16    Spells: 23/23 levels left

rFire    . . .     SeeInvis .   a - +2 falchion
rCold    . . .     Gourm    .   (no shield)
rNeg     . . .     Faith    .   m - +0 chain mail
rPois    .         Spirit   .   s - +0 helmet
rElec    .         Reflect  .   (no cloak)
rCorr    .         Harm     .   (no gloves)
MR       .....                  b - +0 pair of boots
Stlth    ..........             r - amulet of regeneration
HPRegen  0.55/turn              (no ring)
MPRegen  0.16/turn              (no ring)

@: no status effects
A: distributed training, fangs 1, strong nose
a: no special abilities


You were on level 3 of the Dungeon.
You were not hungry.

You visited 1 branch of the dungeon, and saw 3 of its levels.

You collected 42 gold pieces.

Inventory:

Hand Weapons
 a - a +2 falchion (weapon)
 e - a +0 dagger
Armour
 b - a +0 pair of boots (worn)
 d - a +0 robe
 m - a +0 chain mail (worn)
 s - a +0 helmet (worn)
 u - a +0 ring mail
Jewellery
 r - an amulet of regeneration (around neck)
Scrolls
 g - 4 scrolls of remove curse {unknown}
 j - a scroll of magic mapping {unknown}
 l - 2 scrolls of random uselessness {unknown}
 n - a scroll of fear {unknown}
 p - 3 scrolls of identify {unknown}
 v - a scroll of enchant armour {unknown}
Potions
 c - 3 potions of curing
 i - a potion of ambrosia {unknown}
 k - a potion of lignification {unknown}
 o - 3 potions of heal wounds {unknown}
 q - a potion of cancellation {unknown}
 t - a potion of agility {unknown}
 w - a potion of might {unknown}
Comestibles
 f - 4 rations
 h - 14 chunks of flesh


   Skills:
 + Level 3.1 Fighting
 + Level 1.6 Short Blades
 + Level 3.1 Long Blades
 + Level 1.6 Axes
 + Level 1.6 Maces & Flails
 + Level 1.6 Polearms
 + Level 1.6 Staves
 + Level 1.6 Slings
 + Level 1.6 Bows
 + Level 1.6 Crossbows
 + Level 3.1 Throwing
 + Level 1.6 Armour
 + Level 1.6 Dodging
 + Level 4.5 Stealth
 + Level 1.6 Shields
 + Level 1.6 Unarmed Combat
 + Level 9.4 Spellcasting
 + Level 1.3 Conjurations
 + Level 1.3 Hexes
 + Level 1.3 Charms
 + Level 1.3 Summonings
 + Level 1.3 Necromancy
 + Level 1.3 Translocations
 + Level 1.3 Transmutations
 + Level 1.3 Fire Magic
 + Level 1.3 Ice Magic
 + Level 1.3 Air Magic
 + Level 1.3 Earth Magic
 + Level 2.5 Poison Magic
 + Level 1.9 Invocations
 + Level 1.6 Evocations


You had 23 spell levels left.
You didn't know any spells.
Your spell library contained the following spells:

 Spells                   Type           Power        Failure   Level  Hunger
 Sublimation of Blood     Necr           ##........   94%         2    None
 Corpse Rot               Necr           N/A          94%         2    None


Dungeon Overview and Level Annotations

Branches:
Dungeon (3/15)

Altars:
Elyvilon
Makhleb
Nemelex Xobeh

Annotations:
D:2 1 runed door
D:3 Sigmund


Innate Abilities, Weirdness & Mutations

Your experience applies equally to all skills.
You have very sharp teeth.
Your uncanny sense of smell can sniff out nearby items.


Message History

The giant cockroach bites you but does no damage. x2
The goblin barely misses you.
Some of the chunks of flesh in your inventory have rotted away.
You hit something. Something hits you but does no damage.
The giant cockroach bites you but does no damage.
The goblin hits you but does no damage.
You closely miss something. Your bite misses something.
The giant cockroach bites you but does no damage.
Something hits you!
* * * LOW HITPOINT WARNING * * *
The goblin hits you but does no damage.
Your chain mail prevents you from hitting something.
The giant cockroach barely misses you.
The giant cockroach bites you but does no damage.
The goblin hits you but does no damage. Something hits you.
* * * LOW HITPOINT WARNING * * *
You miss something. The giant cockroach bites you.
* * * LOW HITPOINT WARNING * * *
The goblin hits you with a club.
You die...

......+......#.........
......#......#.########
......#......#.#
....#..(.....#.#
#..........#
#..........#
#..........#
#..........#
#..@.....#.#
#.g{s....#.#
+.........>#
#.........##
.'<.<......#
###.........#
#.#.....#.# #.#.###.#.#


You could see a giant cockroach and a goblin.

Vanquished Creatures
  3 orc priests (D:3)
  Terence (D:3)
  An orc wizard (D:3)
  Robin (D:2)
  An ooze (D:1)
  2 worms (D:2)
  2 dart slugs (D:1)
  2 leopard geckos (D:1)
  7 orcs (D:3)
  5 bats
  10 goblins
  7 hobgoblins
  3 jackals (D:1)
  A quokka (D:2)
  A frilled lizard (D:1)
  6 kobolds
  5 rats
58 creatures vanquished.

Notes
Turn   | Place    | Note
-------+----------+-------------------------------------------
     0 | D:1      | Reached skill level 9 in Spellcasting
     0 | D:1      | galech the Gnoll Wanderer began the quest for the Orb.
     0 | D:1      | galech set off with: a +2 falchion, a potion of curing, a +0 robe, a +0 dagger, a ration
     0 | D:1      | Reached XP level 1. HP: 17/17 MP: 10/10
    57 | D:1      | Reached XP level 2. HP: 20/23 MP: 12/12
   234 | D:1      | Reached XP level 3. HP: 25/28 MP: 13/13
   411 | D:2      | Found a burning altar of Makhleb.
   455 | D:2      | Found a white marble altar of Elyvilon.
   457 | D:2      | Found a sparkling altar of Nemelex Xobeh.
   635 | D:2      | Reached skill level 1 in Invocations
   811 | D:2      | Noticed Robin
   827 | D:2      | Reached skill level 1 in Short Blades
   827 | D:2      | Reached skill level 1 in Axes
   827 | D:2      | Reached skill level 1 in Maces & Flails
   827 | D:2      | Reached skill level 1 in Polearms
   827 | D:2      | Reached skill level 1 in Staves
   827 | D:2      | Reached skill level 1 in Slings
   827 | D:2      | Reached skill level 1 in Bows
   827 | D:2      | Reached skill level 1 in Crossbows
   827 | D:2      | Reached skill level 1 in Armour
   827 | D:2      | Reached skill level 1 in Dodging
   827 | D:2      | Reached skill level 1 in Shields
   827 | D:2      | Reached skill level 1 in Unarmed Combat
   827 | D:2      | Reached skill level 1 in Evocations
   832 | D:2      | Killed Robin
   832 | D:2      | Reached XP level 4. HP: 26/34 MP: 15/15
  1404 | D:2      | Found a runed door.
  1491 | D:3      | Reached skill level 1 in Conjurations
  1491 | D:3      | Reached skill level 1 in Hexes
  1491 | D:3      | Reached skill level 1 in Charms
  1491 | D:3      | Reached skill level 1 in Summonings
  1491 | D:3      | Reached skill level 1 in Necromancy
  1491 | D:3      | Reached skill level 1 in Translocations
  1491 | D:3      | Reached skill level 1 in Transmutations
  1491 | D:3      | Reached skill level 1 in Fire Magic
  1491 | D:3      | Reached skill level 1 in Ice Magic
  1491 | D:3      | Reached skill level 1 in Air Magic
  1491 | D:3      | Reached skill level 1 in Earth Magic
  1498 | D:3      | Reached XP level 5. HP: 34/40 MP: 16/16
  1552 | D:3      | Noticed Terence
  1582 | D:3      | Killed Terence
  1641 | D:3      | Reached XP level 6. HP: 47/47 MP: 18/18
  1683 | D:3      | Noticed Sigmund
  1709 | D:3      | HP: 2/47 [giant cockroach (2)]
  1709 | D:3      | Slain by a goblin

Vault maps used:
D:1:      roderic_dead_forest
D:2:      chequers_temple_overflow_statue_of_worship, old_standard_altar,
          uniq_crazy_yiuf_cottage, uniq_robin
D:3:      uniq_terence, uniq_jessica, uniq_sigmund

Skill      XL: |  1  2  3  4  5 |
---------------+----------------+-----
Spellcasting   | |  9.4
Poison Magic   | 2 |  2.5
Invocations    | 1 |  1.9
Short Blades   | 1 |  1.6
Axes           | 1 |  1.6
Maces & Flails | 1 |  1.6
Polearms       | 1 |  1.6
Staves         | 1 |  1.6
Slings         | 1 |  1.6
Bows           | 1 |  1.6
Crossbows      | 1 |  1.6
Armour         | 1 |  1.6
Dodging        | 1 |  1.6
Shields        | 1 |  1.6
Unarmed Combat | 1 |  1.6
Evocations     | 1 |  1.6
Conjurations   | 1 |  1.3
Hexes          | 1 |  1.3
Charms         | 1 |  1.3
Summonings     | 1 |  1.3
Necromancy     | 1 |  1.3
Translocations | 1 |  1.3
Transmutations | 1 |  1.3
Fire Magic     | 1 |  1.3
Ice Magic      | 1 |  1.3
Air Magic      | 1 |  1.3
Earth Magic    | 1 |  1.3
Fighting       | 3 |  3.1
Long Blades    | 3 |  3.1
Throwing       | 3 |  3.1
Stealth        | |  4.5

Action                   |  1- 3 |  4- 6 || total
-------------------------+-------+-------++-------
Melee: Falchion          |    82 |   118 ||   200
       Bite              |     6 |    14 ||    20
       Punch             |     1 |       ||     1
 Stab: Sleeping          |     2 |       ||     2
  Eat: Chunk             |       |     3 ||     3
Armor: Robe              |    15 |       ||    15
       Chain mail        |    31 |    95 ||   126
Dodge: Dodged            |    32 |    37 ||    69
       Rpst.: Falchion   |    10 |     7 ||    17

Table legend:
 A = Spawn XP
 B = Non-spawn XP
 C = Spawn XP percentage of total XP
 D = Spawn monster count
 E = Non-spawn monster count
 F = Spawn count percentage of total count
 G = Total turns spent on level
                    A         B        C        D         E        F      G
               +---------+---------+-------+---------+---------+-------+---------
         Total |       0 |     321 |   0.0 |       0 |      58 |   0.0 |  1709
               +---------+---------+-------+---------+---------+-------+---------
           D:1 |       0 |      42 |   0.0 |       0 |      19 |   0.0 |   406
           D:2 |       0 |      60 |   0.0 |       0 |      24 |   0.0 |  1050
           D:3 |       0 |     219 |   0.0 |       0 |      15 |   0.0 |   253
               +---------+---------+-------+---------+---------+-------+---------
